 Dungeon Crawl Stone Soup version 0.27-a0-686-gaed091b46b (webtiles) character file.

Game seed: 1415861371757115339

2 jasper the Sneak (level 1, -2/18 HPs)
             Began as a Demonspawn Delver on Mar 21, 2021.
             Killed by divine providence
             ... invoked by an orc priest
              (11 damage)
             ... on level 6 of the Dungeon.
             The game lasted 00:00:50 (155 turns).

jasper the Sneak (Demonspawn Delver)                 Turns: 155, Time: 00:00:51

Health: -2/18      AC:  3    Str: 12    XL:     1   Next: 25%
Magic:  1/1        EV: 11    Int: 11    God:
Gold:   0          SH:  0    Dex: 14    Spells: 0/0 levels left

rFire    . . .     SeeInvis .   a - +0 hand axe
rCold    . . .     Faith    .   (no shield)
rNeg     . . .     Spirit   .   b - +0 leather armour
rPois    .         Reflect  .   (no helmet)
rElec    .         Harm     .   (no cloak)
rCorr    .         Rampage  .   (no gloves)
Will     .....                  (no boots)
Stlth    ++........             (no amulet)
HPRegen  0.06/turn              (no ring)
MPRegen  0.07/turn              (no ring)

@: no status effects
A: no striking features
a: no special abilities


You were on level 6 of the Dungeon.
You visited 1 branch of the dungeon, and saw 2 of its levels.

Inventory:

Hand Weapons
 a - a +0 hand axe (weapon)
Missiles
 h - 6 poisoned darts (quivered)
Armour
 b - a +0 leather armour (worn)
Wands
 g - a wand of digging (3)
Scrolls
 c - a scroll of fog
 d - a scroll of magic mapping
 e - a scroll of fear
Potions
 f - a potion of haste


   Skills:
 - Level 3.0 Fighting
 + Level 2.0 Axes
 - Level 1.7 Dodging
 - Level 4.5 Stealth


You couldn't memorise any spells.
You didn't know any spells.
Your spell library was empty.

Dungeon Overview and Level Annotations

Branches:
Dungeon (6/15)
 Temple: D:4-7

Altars:
Xom
Zin

Annotations:
D:5 exclusion: orc priest, Menkaure


Message History

Aim: a bullfrog (lightly wounded, poisoned, 51% to hit)
You throw a poisoned dart.
The poisoned dart barely misses the bullfrog.
The bullfrog misses you.
Throw: 8 darts (poison)
Press: ? - help, Q - select action Shift-Dir - straight line, f/p - bullfrog
Aim: a bullfrog (lightly wounded, poisoned, 51% to hit)
You throw a poisoned dart.
The poisoned dart barely misses the bullfrog.
The bullfrog looks more healthy.
The bullfrog hits you. The bullfrog barely misses you.
You take 6 damage, and have 11/18 hp.
MASSIVE DAMAGE!!
Throw: 7 darts (poison)
Press: ? - help, Q - select action Shift-Dir - straight line, f/p - bullfrog
Aim: a bullfrog (moderately wounded, 51% to hit)
You throw a poisoned dart.
The poisoned dart barely misses the bullfrog.
The bullfrog misses you. The bullfrog closely misses you.
The bullfrog hits you.
You take 2 damage, and have 9/18 hp.
An orc wizard comes into view.
It is wielding a +0 dagger and wearing a +1 robe of resistance.
The bullfrog barely misses you.
Found a whip.
The bullfrog misses you. The bullfrog barely misses you.
An orc priest comes into view. It is wielding a +0 club.
The bullfrog hits you.
The orc priest moves out of view.
You take 1 damage, and have 9/18 hp.
The orc priest looks braver for a moment.
An orc comes into view.
It is wielding a +0 dagger and quivering boomerangs of dispersal.
There is a shaft here.
The orc shouts!
You hear a shout! x2
The bullfrog falls through a shaft!
The shaft crumbles and collapses.
There is a stone staircase leading up here.
There is an open door here.
The orc priest invokes the aid of Beogh against you.
Beogh smites you!
Ouch! That really hurt!
You die...

#....# ####....#
######.##....#
#............#
#............# ..
#............# ...
#####.....##....#
...###..##.....##....#
.........'@..........#
......o<.#...........#
.........#.....##....#
...o##..##.....##....#
'## #..##.....##....#
o..##...............#
.....................#
.....................#
........##..##.####+##


You could see an orc priest and an orc.

Vanquished Creatures
  A giant cockroach (D:6)
  A leopard gecko skeleton (D:5)
2 creatures vanquished.

Notes
Turn   | Place    | Note
-------+----------+-------------------------------------------
     0 | D:5      | jasper the Demonspawn Delver began the quest for the Orb.
     0 | D:5      | Reached XP level 1. HP: 18/18 MP: 1/1
     4 | D:5      | Noticed an orc priest
    53 | D:5      | Noticed Menkaure
    90 | D:6      | Found a shimmering altar of Xom.
    90 | D:6      | Noticed an angel
    90 | D:6      | Noticed a bullfrog
   147 | D:6      | Noticed an orc wizard
   150 | D:6      | Noticed an orc priest
   155 | D:6      | Killed from afar by an orc priest

Illustrated notes

Levels and vault maps discovered:
D:5:      layout_rooms, kennysheep_generic_room_10, uniq_menkaure
D:6:      minmay_opposing_rooms, layout_gridville,
          grunt_temple_overflow_order_and_chaos_1,
          minmay_temple_entry_stoned_glass, tgw_xom

Skill      XL: |  1 |
---------------+----+-----
Axes           | 2 |  2.0
Fighting       | |  3.0
Dodging        | |  1.7
Stealth        | |  4.5

Action                   || total
-------------------------++-------
Melee: Hand axe          ||     9
Throw: Dart              ||    10
Armor: Leather armour    ||     5
Dodge: Dodged            ||    10

Table legend: (Time is in decaauts)
 A = Elapsed time spent in this place.
 B = Non-inter-level travel time spent in this place.
 C = Inter-level travel time spent in this place.
 D = Time resting spent in this place.
 E = Time spent auto-exploring this place.
 F = Levels seen in this place.
 G = Mean time per level.
                   A        B        C        D        E       F      G
               +--------+--------+--------+--------+--------+-----+--------+
         Total |    156 |    150 |      6 |     53 |     29 |   2 |   78.0 |
       Dungeon |    156 |    150 |      6 |     53 |     29 |   2 |   78.0 |
               +--------+--------+--------+--------+--------+-----+--------+

Top non-repeatable levels by time:
     D:6: 93 daAuts
     D:5: 63 daAuts
